 Dungeon Crawl Stone Soup version 0.22-a0-443-g17c3723931 (webtiles) character file.

2705 montgommery the Blocker (level 9, -6/78 HPs)
             Began as a Hill Orc Fighter on May 31, 2018.
             Was an Initiate of Ru.
             Mangled by a two-headed ogre
             ... wielding a +0 giant spiked club
              (19 damage)
             ... on level 8 of the Dungeon.
             The game lasted 00:53:23 (7467 turns).

montgommery the Blocker (Hill Orc Fighter)          Turns: 7467, Time: 00:53:24

Health: -6/78      AC: 18    Str: 19 (22) XL:     9   Next: 65%
Magic:  8/8        EV:  7    Int:  5 (8)  God:    Ru [......]
Gold:   409        SH: 12    Dex:  9 (10) Spells: 8/8 levels left

rFire    . . .     SeeInvis .   r - +3 dagger (distort)
rCold    . . .     Gourm    .   c - +1 shield
rNeg     . . .     Faith    +   i - +0 chain mail
rPois    +         Spirit   .   n - +2 helmet
rElec    .         Reflect  .   A - scarf {repulsion}
rCorr    .         Harm     .   g - +1 pair of gloves
MR       .....                  (no boots)
Stlth    ..........             J - amulet of faith
HPRegen  0.23/turn              (no ring)
MPRegen  0.11/turn              (no ring)

@: repel missiles
A: thin metallic scales 1, deterioration 1, low mp 1, poison resistance
a: Sacrifice Essence, Sacrifice Nimbleness, Sacrifice Experience, Reject
Sacrifices, Renounce Religion


You were on level 8 of the Dungeon.
You worshipped Ru.
Ru was noncommittal.
You were not hungry.

You visited 2 branches of the dungeon, and saw 9 of its levels.

You collected 409 gold pieces.

Inventory:

Hand Weapons
 a - a +0 rapier
 j - a +0 hunting sling
 q - a cursed -3 hand axe
 r - a +3 dagger of distortion (weapon)
 u - a +0 shortbow
 x - a +2 flail of protection
 O - a +0 whip of freezing
 Q - a +1 spear of freezing
 R - a +4 falchion
 V - a +3 dagger
Missiles
 h - 28 stones (quivered)
 l - 8 curare-tipped needles
 m - 55 arrows
 s - 15 poisoned needles
 v - 3 large rocks
 w - 27 bolts
 C - 13 sling bullets
 G - 4 tomahawks
Armour
 b - a +2 scale mail
 c - a +1 shield (worn)
 g - a +1 pair of gloves (worn)
 i - a +0 chain mail (worn)
 n - a +2 helmet (worn)
 A - a scarf of repulsion (worn)
 S - +0 steam dragon scales
Magical Staves
 p - an uncursed staff of air
Jewellery
 J - an amulet of faith (around neck)
Wands
 o - a wand of random effects (22)
 L - a wand of paralysis (20)
Scrolls
 t - 4 scrolls of teleportation
Potions
 d - 4 potions of might
 e - 2 potions of agility
 D - 3 potions of curing
 M - a potion of invisibility
Comestibles
 f - 5 rations


   Skills:
 + Level 6.5 Fighting
 + Level 7.1 Short Blades
 + Level 7.2 Armour
 + Level 2.7 Dodging
 + Level 1.1 Stealth
 + Level 8.4 Shields


You had 8 spell levels left.
You didn't know any spells.
Your spell library contained the following spells:

 Spells                   Type           Power        Failure   Level  Hunger
 Stone Arrow              Conj/Erth      #.....       100%        3    ####...
 Passwall                 Tmut/Erth      #.......     100%        2    ###....
 Lee's Rapid Deconstruct  Erth           #.........   100%        5    ######.
 Sandblast                Erth           #.....       100%        1    ##.....
 Petrify                  Tmut/Erth      #.......     100%        4    #####..


Dungeon Overview and Level Annotations

Branches:
Dungeon (8/15)             Temple (1/1) D:7            Lair (0/6) D:8

Altars:
Ashenzari
Cheibriados
Dithmenos
Elyvilon
Fedhas
Gozag
Hepliaklqana
Kikubaaqudgha
Makhleb
Nemelex Xobeh
Okawaru
Qazlal
Ru
Sif Muna
Trog
Uskayaw
Vehumet
Wu Jian
Xom
Yredelemnul
Zin
The Shining One

Shops:
D:5 =[   D:7 }

Annotations:
Abyss:1 Duvessa


Innate Abilities, Weirdness & Mutations

You are partially covered in thin metallic scales. (AC +2)
Your body sometimes deteriorates upon taking damage.
Your magical capacity is low. (-10% MP)
Your system is resistant to poisons. (rPois)


Message History

The two-headed ogre hits you but does no damage.
You block the two-headed ogre's attack.
You hit the two-headed ogre.
The two-headed ogre looks slightly unstable.
The two-headed ogre is heavily wounded.
The two-headed ogre completely misses you.
The two-headed ogre hits you but does no damage.
You hit the two-headed ogre.
Space bends around the two-headed ogre.
The two-headed ogre is severely wounded.
You hit the two-headed ogre.
The two-headed ogre is severely wounded.
The two-headed ogre disappears!
You start resting.
The two-headed ogre is too close now for your liking.
You hit the two-headed ogre.
Space bends around the two-headed ogre.
The two-headed ogre is almost dead.
You hit the two-headed ogre.
Space bends around the two-headed ogre.
The two-headed ogre is almost dead.
The two-headed ogre hits you with a giant spiked club!!
You die...

..###.# #.# ... ...
#.# O.# #.#
########.###
..###.#.##.... ....
....#.#......###.##
..#)#........##...###
..#<............#...#
.............##.O.#
......#......###@##
..P#.##.##.### #.#
.....## ##.# #.#
...... #. #.# .PP.)..
#. #.# P...... #. #.#
...... #.# ...... #.#
>P.P. #.#


You could see a two-headed ogre.

Vanquished Creatures
  Pikel (D:6)
  Menkaure (D:5)
  A steam dragon (D:7)
  A phantom (D:7)
  4 slaves (D:6)
  A centaur (D:7)
  A crocodile (D:8)
  A bullfrog (D:7)
  Dowan (D:7)
  3 scorpions
  2 killer bees (D:8)
  4 wights (D:7)
  A howler monkey (D:6)
  2 hounds
  3 orc wizards
  3 orc priests
  Ijyb (D:3)
  2 worker ants (D:7)
  A killer bee zombie (D:6)
  A hound zombie (D:5)
  Robin (D:2)
  3 gnolls (D:3)
  3 river rats (D:5)
  9 adders
  2 adder zombies
  An adder skeleton (D:4)
  5 worms (D:5)
  A dart slug (D:2)
  9 leopard geckos
  18 orcs
  2 ball pythons (D:4)
  3 bats (D:1)
  5 giant cockroaches
  7 goblins
  14 hobgoblins
  6 jackals (D:3)
  2 quokkas (D:7)
  A ball python skeleton (D:4)
  5 frilled lizards
  A jackal zombie (D:6)
  10 kobolds
  A leopard gecko zombie (D:6)
  A quokka zombie (D:3)
  9 rats
  A butterfly (D:7)
155 creatures vanquished.

Vanquished Creatures (others)
  A steam dragon (D:7)
  An orc warrior (D:6)
  A phantom (D:7)
  An ogre (D:6)
  A crocodile (D:8)
  A bullfrog (D:6)
  2 killer bees (D:8)
  A wight (D:7)
  An orc priest (D:8)
  An iguana (D:6)
  A leopard gecko (D:5)
  2 orcs
  A giant cockroach (D:7)
  6 bushes (D:8)
  2 fungi (D:8)
  21 plants (D:8)
44 creatures vanquished.

Grand Total: 199 creatures vanquished

Notes
Turn   | Place    | Note
-------+----------+-------------------------------------------
     0 | D:1      | montgommery the Hill Orc Fighter began the quest for the Orb.
     0 | D:1      | Reached XP level 1. HP: 19/19 MP: 1/1
   176 | D:1      | Reached XP level 2. HP: 27/27 MP: 2/2
   658 | D:1      | Reached XP level 3. HP: 31/33 MP: 3/3
  1195 | D:2      | Noticed Robin
  1237 | D:2      | HP: 1/33 [Robin/spear (1)]
  1764 | D:2      | Reached XP level 4. HP: 40/40 MP: 4/4
  1898 | D:2      | Killed Robin
  1984 | D:3      | Noticed Ijyb
  1995 | D:3      | Killed Ijyb
  1995 | D:3      | Reached skill level 4 in Shields
  2119 | D:3      | Reached XP level 5. HP: 35/46 MP: 5/5
  2134 | D:3      | Reached skill level 1 in Dodging
  2888 | D:4      | Found a sacrificial altar of Ru.
  2903 | D:4      | Became a worshipper of Ru the Awakened
  2981 | D:5      | Entered Level 5 of the Dungeon
  3006 | D:5      | Found Lemaro Ramu's Armour Boutique.
  3022 | D:5      | Found a radiant altar of Vehumet.
  3225 | D:4      | Reached XP level 6. HP: 44/52 MP: 6/6
  3926 | D:5      | Noticed Menkaure
  4443 | D:5      | Killed Menkaure
  4443 | D:5      | Reached skill level 5 in Armour
  4443 | D:5      | Reached skill level 5 in Shields
  4443 | D:5      | Reached XP level 7. HP: 60/60 MP: 7/7
  4465 | D:5      | Found Udiv's Jewellery Emporium.
  4680 | D:6      | Noticed Pikel
  4934 | D:6      | Reached skill level 5 in Fighting
  4950 | D:6      | Reached skill level 5 in Short Blades
  5339 | D:6      | Reached XP level 8. HP: 68/68 MP: 8/8
  5346 | D:6      | Killed Pikel
  5346 | D:6      | Reached skill level 1 in Stealth
  5346 | D:6      | Reached skill level 6 in Shields
  5885 | D:7      | Found a staircase to the Ecumenical Temple.
  5905 | Temple   | Entered the Ecumenical Temple
  6063 | D:7      | Reached skill level 7 in Shields
  6063 | D:7      | Reached XP level 9. HP: 73/75 MP: 9/9
  6177 | D:7      | Noticed Dowan
  6178 | D:7      | Noticed Duvessa
  6199 | D:7      | Killed Dowan
  6224 | D:7      | Gained mutation: Your body sometimes deteriorates upon taking damage. [potion of mutation]
  6224 | D:7      | Gained mutation: Your magical capacity is low. (-10% MP) [potion of mutation]
  6224 | D:7      | Gained mutation: Your system is resistant to poisons. (rPois) [potion of mutation]
  6224 | D:7      | Gained mutation: You are partially covered in thin metallic scales. (AC +2) [potion of mutation]
  6524 | D:7      | Found Mesilak's Gadget Emporium.
  6656 | D:7      | Banished Duvessa
  6976 | D:8      | Noticed a two-headed ogre
  6987 | D:8      | Reached skill level 8 in Shields
  6991 | D:8      | Noticed a two-headed ogre
  6992 | D:8      | Found a staircase to the Lair.
  7467 | D:8      | Mangled by a two-headed ogre

Vault maps used:
D:1:      sevenhm_arrival_forest_fort_small_6, minmay_pentomino_s2
D:2:      uniq_robin
D:3:      uniq_ijyb
D:4:      first_ration, nicolae_ru_great_annihilating_truth
D:5:      overflow_temple_1_default, lightli_sewer_entry_pipes, serial_shops,
          shop, shop, minivault_23, uniq_menkaure
D:6:      grunt_ministairs_12, uniq_pikel
D:7:      minmay_temple_entry_butterflies, serial_shops,
          nicolae_shop_temple_entry_statues_fountains, uniq_duvessa
D:8:      minmay_lair_entry_grove, grunt_pizzeria
Temple:   regret_index_temple_sigil_plot

Skill      XL: |  1  2  3  4  5  6  7  8  9 |
---------------+----------------------------+-----
Short Blades   | 3 4 5 6 7 |  7.1
Armour         | 4 5 6 7 |  7.2
Shields        | 4 5 7 8 |  8.4
Fighting       | 4 5 6 |  6.5
Dodging        | 1 2 |  2.7
Stealth        | 1 |  1.1

Action                   |  1- 3 |  4- 6 |  7- 9 || total
-------------------------+-------+-------+-------++-------
Melee: Rapier            |   130 |   128 |       ||   258
       Dagger            |       |   143 |   352 ||   495
  Use: Scroll            |     5 |     5 |     6 ||    16
       Potion            |     2 |       |     8 ||    10
 Stab: Invisible         |       |     1 |       ||     1
  Eat: Chunk             |     1 |       |       ||     1
       Ration            |       |     3 |     3 ||     6
Armor: Scale mail        |    50 |     6 |       ||    56
       Chain mail        |       |   102 |   127 ||   229
Dodge: Dodged            |    37 |    56 |    58 ||   151
       Deflected         |       |       |     1 ||     1
Block: Shield            |    86 |   126 |   170 ||   382

Table legend:
 A = Spawn XP
 B = Non-spawn XP
 C = Spawn XP percentage of total XP
 D = Spawn monster count
 E = Non-spawn monster count
 F = Spawn count percentage of total count
 G = Total turns spent on level
                    A         B        C        D         E        F      G
               +---------+---------+-------+---------+---------+-------+---------
         Total |       0 |    3865 |   0.0 |       0 |     166 |   0.0 |  7467
               +---------+---------+-------+---------+---------+-------+---------
           D:1 |       0 |      40 |   0.0 |       0 |      23 |   0.0 |   768
           D:2 |       0 |      58 |   0.0 |       0 |      18 |   0.0 |  1207
           D:3 |       0 |     137 |   0.0 |       0 |      24 |   0.0 |   867
           D:4 |       0 |     137 |   0.0 |       0 |      12 |   0.0 |   804
           D:5 |       0 |     461 |   0.0 |       0 |      33 |   0.0 |  1035
           D:6 |       0 |    1229 |   0.0 |       0 |      21 |   0.0 |  1091
           D:7 |       0 |    1367 |   0.0 |       0 |      26 |   0.0 |  1053
           D:8 |       0 |     436 |   0.0 |       0 |       9 |   0.0 |   505
               +---------+---------+-------+---------+---------+-------+---------
